 Dungeon Crawl Stone Soup version 0.23.1-37-gaa34b87 (webtiles) character file.

Game seed: 1494848116217057791

10171 dengdeng the Cleaver (level 11, -2/97 HPs)
             Began as a Hill Orc Berserker on Mar 27, 2019.
             Was a High Priest of Trog.
             Slain by a yak (9 damage)
             ... on level 10 of the Dungeon.
             The game lasted 00:40:36 (10171 turns).

dengdeng the Cleaver (Hill Orc Berserker)          Turns: 10171, Time: 00:40:38

Health: -2/97      AC: 15    Str: 26    XL:     11   Next: 57%
Magic:  0/11       EV:  8    Int:  7    God:    Trog [*****.]
Gold:   693        SH:  6    Dex: 10    Spells: 10/10 levels left

rFire    . . .     SeeInvis +   H - +7 spear "Tetriwn" {venom, Str+2 SInv}
rCold    . . .     Gourm    .   D - +2 buckler
rNeg     . . .     Faith    .   E - +0 plate armour
rPois    .         Spirit   +   b - +0 helmet
rElec    .         Reflect  .   (no cloak)
rCorr    .         Harm     .   (no gloves)
MR       .....                  (no boots)
Stlth    ..........             o - amulet of guardian spirit
HPRegen  0.26/turn              g - ring of see invisible
MPRegen  0.12/turn              (no ring)

@: berserk cooldown, slowed, very slow
A: no striking features
a: Berserk, Trog's Hand, Brothers in Arms, Renounce Religion


You were on level 10 of the Dungeon.
You worshipped Trog.
Trog was extremely pleased with you.
You were near starving.

You visited 1 branch of the dungeon, and saw 10 of its levels.

You collected 693 gold pieces.

Inventory:

Hand Weapons
 n - a +0 war axe
 H - the +7 spear "Tetriwn" (weapon) {venom, Str+2 SInv}
   (You found it on level 6 of the Dungeon)

   It poisons the flesh of those it strikes.
   It affects your strength (+2).
   It lets you see invisible.
 J - a +0 battleaxe
 P - a +6 halberd of freezing
Missiles
 d - 223 stones (quivered)
 u - an exploding tomahawk
 z - 6 tomahawks
 O - 5 steel javelins
Armour
 b - a +0 helmet (worn)
 D - a +2 buckler (worn)
 E - a +0 plate armour (worn)
Jewellery
 g - a ring of see invisible (left hand)
 o - an amulet of guardian spirit (around neck)
 I - an uncursed ring of ice {unknown}
Wands
 x - a wand of polymorph (17)
 B - a wand of digging (11)
 K - a wand of random effects (16)
Scrolls
 a - 2 scrolls of enchant armour {unknown}
 f - 5 scrolls of remove curse
 h - 4 scrolls of teleportation {unknown}
 k - 3 scrolls of random uselessness {unknown}
 l - a scroll of fog {unknown}
 r - 4 scrolls of magic mapping {unknown}
 s - 5 scrolls of identify
 t - a scroll of acquirement {unknown}
 v - 2 scrolls of enchant weapon {unknown}
 y - a scroll of fear {unknown}
 C - 2 scrolls of noise {unknown}
 F - 4 scrolls of amnesia {unknown}
 R - a scroll of torment {unknown}
Potions
 e - 2 potions of flight {unknown}
 i - 3 potions of degeneration {unknown}
 j - 2 potions of might
 m - a potion of lignification {unknown}
 p - 6 potions of curing {unknown}
 q - a potion of cancellation {unknown}
 w - a potion of berserk rage {unknown}
 A - a potion of brilliance {unknown}
 G - a potion of heal wounds
 L - a potion of mutation {unknown}
 M - 3 potions of ambrosia {unknown}
 Q - a potion of haste {unknown}
Comestibles
 c - 23 rations
 N - 10 chunks of flesh


   Skills:
 + Level 9.2 Fighting
 + Level 12.0(13.8) Axes
 + Level 9.9(11.7) Polearms
 + Level 4.9 Throwing
 + Level 8.1 Armour
 + Level 2.6 Dodging
 + Level 0.6 Stealth
 + Level 4.8 Shields


You had 10 spell levels left.
You didn't know any spells.
Your spell library contained the following spells:

 Spells                   Type           Power        Failure   Level  Hunger
 Ensorcelled Hibernation  Hex/Ice        #.....       100%        2    ###....
 Borgnjor's Vile Clutch   Necr/Erth      #.........   100%        5    ######.
 Silence                  Hex/Air        #.........   100%        5    ######.
 Darkness                 Hex            #.........   100%        6    #######
 Shadow Creatures         Summ           N/A          100%        6    #######


Dungeon Overview and Level Annotations

Branches:
Dungeon (10/15)            Temple (0/1) D:6
   Lair: D:8-11         Orc: D:9-12

Altars:
Cheibriados
Dithmenos
Fedhas
Makhleb
Sif Muna
Trog
Wu Jian
Yredelemnul
The Shining One

Shops:
D:7 %   D:9 ?*(

Annotations:
D:4 2 runed translucent doors, DungeonDestroyer's ghost, amateur MiFi


Message History

* * * LOW HITPOINT WARNING * * *
The yak closely misses you. You block the yak's attack.
Your plate armour prevents you from hitting the hungry ghost.
The yak gores you but does no damage. x3
You hit the hungry ghost.
The hungry ghost is lightly damaged.
The yak gores you.
* * * LOW HITPOINT WARNING * * *
The yak closely misses you. The yak gores you!
* * * LOW HITPOINT WARNING * * *
The yak gores you.
* * * LOW HITPOINT WARNING * * *
You puncture the yak!
The yak is poisoned.
The yak is lightly wounded.
You kill the yak!
Trog accepts your kill. The hungry ghost hits you.
You are near starving!
The yak gores you but does no damage. The yak gores you!
You die...

..######..########..# #..# ..
.................................
.................................
###..#####..#########..#####..###
#..# #..# #.. ..# #..# #..# #. #
..# ###..#####..#########..# .#
...............YYWD..(.(
<...........)..Y@cZC....
##..#######.(########..# #..#
#.(# . #..# #.(# #..# #..# #..#
#..# #..# #(.# .... .... .)..
.....


You could see a centaur warrior, a cyclops, 3 yaks, a hungry ghost, an acid
dragon and a centaur skeleton.

Vanquished Creatures
  A death knight (D:7)
  A centaur warrior (D:10)
  Erica (D:9)
  2 two-headed ogres
  An unseen horror (D:5)
  The ghost of erker the Cleaver, a novice GrSk of Okawaru (D:8)
  A rime drake (shapeshifter) (D:10)
  A troll (D:10)
  3 hippogriffs
  Sigmund (D:6)
  3 yaks (D:10)
  Eustachio (D:5)
  Duvessa (D:5)
  2 orc warriors (D:7)
  3 ice beasts
  2 sky beasts
  A black bear (D:7)
  2 phantoms
  4 ogres
  A boggart (D:10)
  7 centaurs
  A crocodile (D:7)
  The ghost of kalagan the Digger, an amateur DEEE (D:3)
  5 bullfrogs
  Dowan (D:5)
  6 scorpions
  3 killer bees (D:9)
  4 wights (D:7)
  2 crimson imps
  4 hounds
  3 jellies
  A quasit (D:9)
  A bullfrog skeleton (D:9)
  2 bullfrog zombies
  3 orc priests
  5 orc wizards
  3 centaur skeletons
  Terence (D:2)
  2 iguanas
  4 worker ants
  2 hound skeletons
  A worker ant zombie (D:7)
  Robin (D:4)
  6 adders
  3 shadow imps
  An ooze (D:1)
  A worm (D:2)
  2 dart slugs
  4 leopard geckos
  25 orcs
  4 ball pythons
  5 giant cockroaches
  19 goblins
  8 hobgoblins
  18 jackals
  4 quokkas
  11 bats
  8 frilled lizards
  A jackal skeleton (D:4)
  6 kobolds
  2 leopard gecko zombies
  A quokka skeleton (D:4)
  8 rats
233 creatures vanquished.

Notes
Turn   | Place    | Note
-------+----------+-------------------------------------------
     0 | D:1      | dengdeng the Hill Orc Berserker began the quest for the
                  | Orb.
     0 | D:1      | Reached XP level 1. HP: 19/19 MP: 1/1
   132 | D:1      | Reached XP level 2. HP: 5/27 MP: 2/2
   988 | D:1      | Reached XP level 3. HP: 33/33 MP: 3/3
  1581 | D:2      | Found a deep blue altar of Sif Muna.
  1581 | D:2      | Found a blossoming altar of Fedhas.
  1581 | D:2      | Found an ornate altar of the Wu Jian Council.
  1582 | D:2      | Found a shadowy altar of Dithmenos.
  1582 | D:2      | Found a burning altar of Makhleb.
  1582 | D:2      | Found a snail-covered altar of Cheibriados.
  1592 | D:2      | Reached ** piety under Trog
  1608 | D:2      | Reached skill level 5 in Axes
  1723 | D:2      | Found a bloodstained altar of Trog.
  1792 | D:2      | Noticed Terence
  1801 | D:2      | Killed Terence
  1801 | D:2      | Reached XP level 4. HP: 41/41 MP: 4/4
  1952 | D:2      | Found a glowing golden altar of the Shining One.
  1966 | D:2      | Found a basalt altar of Yredelemnul.
  2392 | D:2      | Noticed an angel
  2539 | D:3      | Reached skill level 6 in Axes
  2610 | D:3      | Reached XP level 5. HP: 45/47 MP: 5/5
  3090 | D:3      | Found a runed translucent door.
  3090 | D:3      | Noticed kalagan's ghost (amateur DEEE)
  3362 | D:3      | Killed kalagan's ghost
  3362 | D:3      | Reached XP level 6. HP: 31/53 MP: 3/6
  3559 | D:4      | Found a large runed translucent door.
  3560 | D:4      | Found a large runed translucent door.
  3563 | D:4      | Noticed DungeonDestroyer's ghost (amateur MiFi)
  3745 | D:4      | Reached skill level 7 in Axes
  3916 | D:4      | Noticed a phantom
  3961 | D:4      | Killed a phantom
  3961 | D:4      | Reached skill level 1 in Throwing
  4077 | D:4      | Reached *** piety under Trog
  4080 | D:4      | Noticed Robin
  4093 | D:4      | Killed Robin
  4267 | D:4      | Found a shadowy altar of Dithmenos.
  4510 | D:4      | Reached skill level 8 in Axes
  4510 | D:4      | Reached XP level 7. HP: 58/60 MP: 7/7
  4703 | D:5      | Entered Level 5 of the Dungeon
  4831 | D:5      | Noticed Dowan
  4832 | D:5      | Noticed Duvessa
  4838 | D:5      | Killed Duvessa
  4844 | D:5      | Killed Dowan
  4853 | D:5      | Reached skill level 9 in Axes
  4933 | D:5      | Reached skill level 5 in Fighting
  5045 | D:5      | Noticed Eustachio
  5063 | D:5      | Killed Eustachio
  5063 | D:5      | Reached XP level 8. HP: 57/68 MP: 8/8
  5164 | D:5      | Noticed an unseen horror
  5182 | D:5      | Killed an unseen horror
  5182 | D:5      | Reached skill level 11 in Axes
  5182 | D:5      | Reached skill level 5 in Armour
  5182 | D:5      | Reached skill level 1 in Shields
  5747 | D:6      | Reached XP level 9. HP: 75/75 MP: 9/9
  5781 | D:6      | Got an iridescent spear
  5782 | D:6      | Identified the +7 spear "Tetriwn" {venom, Str+2 SInv} (You
                  | found it on level 6 of the Dungeon)
  5813 | D:6      | Noticed Sigmund
  5818 | D:6      | Killed Sigmund
  5845 | D:6      | Found a staircase to the Ecumenical Temple.
  6152 | D:6      | Reached skill level 1 in Polearms
  6189 | D:6      | Reached skill level 12 in Axes
  6486 | D:7      | Reached **** piety under Trog
  6570 | D:7      | Noticed a death knight
  6595 | D:7      | Killed a death knight
  6595 | D:7      | Reached skill level 5 in Polearms
  6595 | D:7      | Reached XP level 10. HP: 75/86 MP: 6/10
  7106 | D:7      | Found Sun Wuriesud's Food Shop.
  7515 | D:8      | Found Rojig's Antique Weapon Shoppe.
  7609 | D:8      | Noticed a two-headed ogre
  7625 | D:8      | Killed a two-headed ogre
  7851 | D:8      | Reached ***** piety under Trog
  7851 | D:8      | Received a gift from Trog
  7894 | D:8      | Found a runed translucent door.
  7896 | D:8      | Noticed erker's ghost (novice GrSk)
  8200 | D:8      | Killed erker's ghost
  8456 | D:9      | Found Yvyo's Weapon Emporium.
  8996 | D:9      | Found Lemm's Magic Scroll Boutique.
  9021 | D:9      | Found Taghahun's General Store.
  9033 | D:9      | Reached XP level 11. HP: 94/94 MP: 11/11
  9070 | D:9      | Noticed Erica
  9085 | D:9      | Killed Erica
  9441 | D:9      | Received a gift from Trog
  9759 | D:10     | Entered Level 10 of the Dungeon
  9785 | D:10     | Noticed a two-headed ogre
  9796 | D:10     | Killed a two-headed ogre
 10116 | D:10     | Noticed a centaur warrior
 10136 | D:10     | Killed a centaur warrior
 10154 | D:10     | Noticed a cyclops
 10159 | D:10     | Noticed a centaur warrior
 10171 | D:10     | Slain by a yak

Skill      XL: |  1  2  3  4  5  6  7  8  9 10 11 |
---------------+----------------------------------+-----
Fighting       | 4 5 7 8 9 |  9.2
Axes           | 5 6 8 9 11 12 | 12.0
Armour         | 3 4 5 6 7 8 |  8.1
Dodging        | 2 |  2.6
Throwing       | 1 2 4 |  4.9
Shields        | 1 3 4 |  4.8
Polearms       | 5 8 9 |  9.9
Stealth        | |  0.6

Action                   |  1- 3 |  4- 6 |  7- 9 | 10-12 || total
-------------------------+-------+-------+-------+-------++-------
Melee: Hand axe          |   115 |   115 |       |       ||   230
       War axe           |       |    65 |    78 |       ||   143
       Spear             |       |       |   111 |   344 ||   455
Throw: Stone             |    32 |    81 |    23 |    86 ||   222
Invok: Berserk           |     1 |     2 |     2 |     2 ||     7
       Trog's Hand       |       |       |       |     1 ||     1
  Use: Scroll            |       |       |     5 |       ||     5
 Stab: Sleeping          |     1 |       |       |       ||     1
  Eat: Chunk             |     3 |     8 |     8 |    10 ||    29
       Ration            |       |     1 |       |     1 ||     2
Armor: Animal skin       |    17 |       |       |       ||    17
       Ring mail         |     8 |       |       |       ||     8
       Scale mail        |       |    31 |       |       ||    31
       Chain mail        |       |    63 |    14 |       ||    77
       Plate armour      |       |       |   105 |    92 ||   197
Dodge: Dodged            |    72 |    97 |    51 |    54 ||   274
Block: Buckler           |       |       |    35 |    49 ||    84
